 Dungeon Crawl Stone Soup version 0.30.1-11-g7821555f0a (webtiles) character file.

Game seed: 1572237774894112247

155 merbi the Digger (level 5, -6/37 HPs)
             Began as a Human Earth Elementalist on Nov 9, 2023.
             Mangled by an ogre
             ... wielding a +0 giant club
              (22 damage)
             ... on level 3 of the Dungeon.
             The game lasted 00:09:39 (2279 turns).

merbi the Digger (Human Earth Elementalist)         Turns: 2279, Time: 00:09:40

Health: -6/37      AC:  3    Str:  9    XL:     5   Next: 63%
Magic:  4/9        EV: 12    Int: 17    God:
Gold:   81         SH:  0    Dex: 13    Spells: 4/10 levels left

rFire   . . .        m - staff of death
rCold   . . .        (no shield)
rNeg    + . .        a - +0 robe
rPois   .            q - +1 hat
rElec   .            (no cloak)
rCorr   .            (no gloves)
SInv    .            (no boots)
Will    .....        h - amulet of regeneration
Stlth   ++           (no ring)
HPRegen 1.06/turn    (no ring)
MPRegen 0.11/turn

%: no passive effects
@: no status effects
A: no striking features
a: no special abilities


You were on level 3 of the Dungeon.
You visited 1 branch of the dungeon, and saw 3 of its levels.

You collected 81 gold pieces.

Inventory:

Hand Weapons
 k - a +0 short sword
 p - a +0 sling
Missiles
 d - 5 poisoned darts
 f - 38 stones
Armour
 a - a +0 robe (worn)
 e - a +0 leather armour
 q - a +1 hat (worn)
Magical Staves
 m - a staff of death (weapon)
Jewellery
 h - an amulet of regeneration (around neck)
Scrolls
 j - a scroll of fog {unknown}
 n - a scroll of teleportation {unknown}
Potions
 b - a potion of magic
 c - a potion of berserk rage
 g - a potion of haste
 i - 2 potions of mutation
 l - a potion of curing {unknown}
 o - 2 potions of attraction {unknown}


   Skills:
 + Level 1.4 Fighting
 + Level 2.1 Dodging
 + Level 2.3 Stealth
 + Level 3.2 Spellcasting
 + Level 0.2 Conjurations
 + Level 1.0 Transmutations
 + Level 4.4 Earth Magic


You had 4 spell levels left.
You knew the following spells:

 Your Spells              Type           Power      Damage    Failure   Level
a - Sandblast             Erth           34%        2d9       2%          1
b - Passwall              Tmut/Erth      10%        N/A       9%          2
c - Stone Arrow           Conj/Erth      20%        3d8       21%         3

Your spell library contained the following spells:

 Spells                   Type           Power      Damage    Failure   Level
 Magic Dart               Conj           12%        1d3       16%         1
 Call Imp                 Summ           4%         N/A       26%         2
 Ensorcelled Hibernation  Hex/Ice        4%         N/A       26%         2
 Spider Form              Tmut/Pois      4%         N/A       38%         3
 Mephitic Cloud           Conj/Pois/Air  3%         N/A       45%         3
 Petrify                  Tmut/Erth      12%        N/A       50%         4
 Anguish                  Hex/Necr       2%         N/A       86%         4


Dungeon Overview and Level Annotations

Branches:
Dungeon (3/15)

Altars:


Message History

The goblin hits you but does no damage.
Casting: Sandblast (safe; 2% risk of failure)
Confirm with . or Enter, or press ? or * to list all spells.
Aiming: Sandblast (safe; 2% risk of failure)
Press: ? - help, Shift-Dir - straight line, f/p - goblin
Aim: a goblin, wielding a +0 dagger (77% to hit)
The blast of sand hits the goblin!
You kill the goblin!
The goblin misses you. The goblin hits you but does no damage.
The goblin misses you. The goblin hits you with a +0 dagger.
Casting: Sandblast (safe; 2% risk of failure)
Confirm with . or Enter, or press ? or * to list all spells.
Aiming: Sandblast (safe; 2% risk of failure)
Press: ? - help, Shift-Dir - straight line, f - goblin
Aim: a goblin, wielding a +0 dagger (77% to hit)
The blast of sand hits the goblin.
You kill the goblin!
The goblin hits you but does no damage.
Casting: Sandblast (safe; 2% risk of failure)
Confirm with . or Enter, or press ? or * to list all spells.
Aiming: Sandblast (safe; 2% risk of failure)
Press: ? - help, Shift-Dir - straight line, f - goblin
Aim: a goblin, wielding a +0 dagger (77% to hit)
The blast of sand hits the goblin!
You kill the goblin!
The goblin hits you with a +0 club.
Casting: Sandblast (safe; 2% risk of failure)
Confirm with . or Enter, or press ? or * to list all spells.
Aiming: Sandblast (safe; 2% risk of failure)
Press: ? - help, Shift-Dir - straight line, f - goblin
Aim: a goblin, wielding a +0 club (77% to hit)
The blast of sand hits the goblin!
You kill the goblin!
The goblin hits you with a +0 dagger. The goblin attacks as you move away!
The goblin hits you with a +0 dagger. The ogre attacks as you move away!
The ogre hits you with a +0 giant club! The ogre attacks as you move away!
The ogre hits you with a +0 giant club!!
Ouch! That really hurt!
You die...

#.........####...##.#####
##.......##########.#
##.....## #..(# #.#
##...## #.(.####.# ##'##
.).#....# #.# ##g#######
#.######).)#
##.......Og##
######...######@#
.#...#.....#####.#
......#.†.##.....#
......##..##.###.#
......###.##.# #.#
##...........###.#
########........#
##########


You could see an ogre and 2 goblins.

Vanquished Creatures
  3 jellies (D:2)
  6 ball pythons
  13 endoplasms
  3 giant cockroaches
  8 goblins
  6 hobgoblins
  8 kobolds
  2 quokkas (D:1)
  4 bats
  A frilled lizard (D:1)
  3 rats
57 creatures vanquished.

Notes
Turn   | Place    | Note
-------+----------+-------------------------------------------
     0 | D:1      | merbi the Human Earth Elementalist began the quest for the
                  | Orb.
     0 | D:1      | Reached XP level 1. HP: 13/13 MP: 3/3
    97 | D:1      | Reached XP level 2. HP: 19/19 MP: 1/5
   600 | D:1      | Reached XP level 3. HP: 24/24 MP: 4/6
  1052 | D:1      | Learned a level 2 spell: Passwall
  1056 | D:1      | Learned a level 3 spell: Stone Arrow
  1872 | D:2      | Reached skill level 1 in Fighting
  1872 | D:2      | Reached XP level 4. HP: 9/32 MP: 2/8
  1953 | D:2      | Reached XP level 5. HP: 37/37 MP: 5/9
  2023 | D:2      | Reached skill level 4 in Earth Magic
  2270 | D:3      | Noticed an ogre
  2279 | D:3      | Mangled by an ogre

Illustrated notes

Levels and vault maps discovered:
D:1:      roderic_dead_forest, layout_basic, minivault_4
D:2:      cheibrodos_fertilizer, layout_rooms, minmay_tetromino_l2
D:3:      layout_loops_corners, hangedman_decor_peaks_small,
          minmay_ogre_servants

Skill      XL: |  1  2  3  4  5 |
---------------+----------------+-----
Fighting       | 1 |  1.4
Spellcasting   | 3 |  3.2
Earth Magic    | 4 |  4.4
Dodging        | |  2.1
Stealth        | |  2.3
Conjurations   | |  0.2
Transmutations | |  1.0

Action                     |  1- 3 |  4- 6 || total
---------------------------+-------+-------++-------
  Melee: Staff             |       |     3 ||     3
  Throw: Dart              |     1 |       ||     1
   Cast: Sandblast         |    47 |    19 ||    66
         Stone Arrow       |     5 |     1 ||     6
         Passwall          |     2 |     1 ||     3
    Use: Scroll            |     3 |       ||     3
         Potion            |     1 |       ||     1
 Armour: Robe              |     4 |     8 ||    12
  Dodge: Dodged            |    11 |     9 ||    20
